 Dungeon Crawl Stone Soup version 0.18.1-8-gdd0e5ea (webtiles) character file.

79 Scarto the Skirmisher (level 4, -3/37 HPs)
             Began as a Demonspawn Fighter on May 31, 2016.
             Slain by Sigmund
             ... wielding a +0 scythe
              (5 damage)
             ... on level 3 of the Dungeon.
             The game lasted 00:03:01 (1999 turns).

Scarto the Skirmisher (Demonspawn Fighter)          Turns: 1999, Time: 00:03:01

Health: -3/37      AC: 14    Str: 18    XL:     4   Next: 17%
Magic:  0/4        EV:  3    Int:  9    God:
Gold:   146        SH: 11    Dex: 12    Spells: 0 memorised, 3 levels left

rFire  . . .     SeeInvis .     a - +0 war axe
rCold  . . .     Gourm    .     e - +1 plate armour
rNeg   . . .     Faith    .     c - +0 shield
rPois  .         Spirit   +     (no helmet)
rElec  .         Dismiss  .     (no cloak)
rCorr  .         Reflect  .     (no gloves)
SustAt .         Harm     .     (no boots)
MR     .....                    (no amulet)
Stlth  ..........               (no ring)
                                (no ring)

@: not resistant to hostile enchantments, extremely unstealthy
A: large bone plates 1, magic shield
a: no special abilities


You were on level 3 of the Dungeon.
You were full.

You visited 1 branch of the dungeon, and saw 3 of its levels.

You collected 146 gold pieces.

Inventory:

Hand Weapons
 a - a +0 war axe (weapon)
Armour
 c - a +0 shield (worn)
 e - a +1 plate armour (worn)
Scrolls
 b - a scroll of teleportation
Potions
 d - a potion of might
 h - 2 potions of curing {unknown}
 m - 2 potions of berserk rage {unknown}
 n - a potion of agility {unknown}
Comestibles
 g - a slice of pizza
 i - 3 fruits
 l - a meat ration


   Skills:
 + Level 3.7 Fighting
 + Level 2.5 Axes
 + Level 3.3 Armour
 + Level 3.0 Shields


You had 3 spell levels left.
You didn't know any spells.

Dungeon Overview and Level Annotations

Branches:
Dungeon (3/15)

Altars:
Fedhas
Okawaru
Pakellas

Annotations:
D:3 Sigmund


Innate Abilities, Weirdness & Mutations

You are partially covered in large bone plates (AC +2, SH +2).
When hurt, damage is shared between your health and your magic reserves.


Message History

Something hits you but does no damage. The worm bites you but does no damage.
Your shield and plate armour prevent you from hitting the worm.
The worm is heavily wounded.
You block something's attack. The worm bites you but does no damage.
You hit the worm but do no damage.
The worm is heavily wounded.
Something hits you.
* * * LOW HITPOINT WARNING * * *
Your shield and plate armour prevent you from hitting the worm.
The worm is heavily wounded.
Something hits you.
* * * LOW HITPOINT WARNING * * *
The worm barely misses you.
You hit the worm.
The worm is heavily wounded.
Something hits you but does no damage. You block the worm's attack.
You hit the worm.
The worm is heavily wounded.
Something hits you!
You die...

#######≈≈≈≈)≈##.#.#.##
#.......≈≈≈≈.#........
#.......≈≈..P####.#.##
#...........P.....#.#
#.........#########.#
+...................#
#....################
###....##......
........@w......
##########{..... .....
.... ... .. .


You could see a worm.

Vanquished Creatures
  2 adders (D:2)
  An ooze (D:2)
  3 dart slugs (D:2)
  A giant gecko (D:1)
  An orc (D:3)
  A giant cockroach (D:2)
  7 goblins
  3 hobgoblins
  3 jackals (D:3)
  3 ball pythons
  6 bats
  3 giant newts
  A jackal zombie (D:3)
  2 kobolds
  12 rats
49 creatures vanquished.

Notes
Turn   | Place    | Note
--------------------------------------------------------------
     0 | D:1      | Scarto the Demonspawn Fighter began the quest for the Orb.
     0 | D:1      | Reached XP level 1. HP: 18/18 MP: 1/1
   170 | D:1      | Gained mutation: You are partially covered in large bone plates (AC +2, SH +2). [demonic ancestry]
   170 | D:1      | Reached XP level 2. HP: 16/24 MP: 2/2
   702 | D:2      | Gained mutation: When hurt, damage is shared between your health and your magic reserves. [demonic ancestry]
   702 | D:2      | Reached XP level 3. HP: 29/29 MP: 3/3
   807 | D:2      | Found an iron altar of Okawaru.
  1000 | D:2      | Found an oddly glowing altar of Pakellas.
  1017 | D:2      | Found a blossoming altar of Fedhas.
  1223 | D:2      | Reached XP level 4. HP: 12/36 MP: 2/4
  1977 | D:3      | Noticed Sigmund
  1997 | D:3      | HP: 1/37 [something (2)]
  1999 | D:3      | Slain by Sigmund

Skill      XL: |  1  2  3 |
---------------+----------+-----
Axes           | 2 |  2.5
Armour         | 3 |  3.3
Shields        | 3 |  3.0
Fighting       | |  3.7

Action                   |  1- 3 |  4- 6 || total
-------------------------+-------+-------++-------
Melee: War axe           |   185 |    39 ||   224
  Use: Scroll            |       |     4 ||     4
  Eat: Bread ration      |       |     2 ||     2
Armor: Plate armour      |   125 |    30 ||   155
       Scale mail        |    14 |       ||    14
Dodge: Dodged            |    30 |     2 ||    32
Block: Shield            |   121 |    20 ||   141
